cohdb
Replays
Latest Replays
All Replays
Popular Replays
Top Player Replays
Match Explorer
How It Works
Community
CoH3 Stats
Reddit
Sign in to upload your games and track your stats! →
Sign in with Steam
Match 46076275
Unlisted
Match 46076275
Overview
Messages
Build Orders
End
Pioneer Squad
Construct Infanterie Kompanie
MG 42 Machine Gun Team
MG 42 Machine Gun Team
Grenadier Squad
Medical Station
Medical Bunker
Selects Mechanized Battlegroup
Selects Mobile Repair Stations
Construct Luftwaffe Kompanie
221 Scout Car
Flak 30 Anti-aircraft Gun Team
Flak 30 Anti-aircraft Gun Team
Selects Wespe Self-propelled Artillery
Wespe Self-propelled Artillery
Wespe Self-propelled Artillery
Repair Bunker
Pioneer Squad
Jäger Squad
Selects Zeroing Artillery Barrage
Selects Raid Package
Medical Bunker
MG 42 Bunker
Jäger Squad
Support Elements
Selects StuG Assault Group
Nachtschatten
Doge 👊🏻🇺🇸🔥
Ra11
PAX AJAX
0
0
Comments
sign in to comment!
No comments posted yet!